 Dungeon Crawl Stone Soup version 0.31.0-9-g3a7656b989 (webtiles) character file.

Game seed: 16098636024293452007

47754 Sobieck the Brawler (level 14, 0/131 HPs)
             Began as a Troll Shapeshifter on Jan 24, 2024.
             Was a High Priest of Hepliaklqana.
             Slain by a lindwurm (14 damage)
             ... on level 5 of the Lair of Beasts.
             The game lasted 00:38:32 (13214 turns).

Sobieck the Brawler (Troll Shapeshifter)           Turns: 13214, Time: 00:38:33

Health: 0/131      AC:  7    Str: 35    XL:     14   Next: 9%
Magic:  16/16      EV: 10    Int:  4    God:    Hepliaklqana [*****.]
Gold:   358        SH:  0    Dex:  9    Spells: 13/13 levels left

rFire   . .          .
                       - Unarmed
rCold   . . .        (shield currently unavailable)
rNeg    + . .        b - +1 troll leather armour
rPois   +            (helmet restricted)
rElec   .            J - +2 cloak {rPois}
rCorr   .            (gloves unavailable)
SInv    .            (boots unavailable)
Will    +....        H - amulet of the acrobat
Stlth   ++           E - ring "Qizeumeq" {rN+ Str+6 Stlth+}
HPRegen 2.01/turn    y - +4 ring of slaying
MPRegen 0.15/turn

%: acrobat
@: blade hands
A: reduced essence, large, unfitting armour, (claws 3), regeneration 1, shaggy
fur 1, tough skin 1, dopey 1
a: Begin Untransformation, Renounce Religion, Recall Ancestor, Ancestor
Identity, Transference, Idealise


You were on level 5 of the Lair of Beasts.
You worshipped Hepliaklqana.
Hepliaklqana was extremely pleased with you.
You had blades for hands.
You visited 3 branches of the dungeon, and saw 18 of its levels.

You collected 804 gold pieces.
You spent 446 gold pieces at shops.

Inventory:

Hand Weapons
 r - the +2 quarterstaff of Somewhere Else {antimagic, rPois rF- Will+}
   (You found it on level 1 of the Lair of Beasts)

   rF-:       It makes you vulnerable to fire.
   rPois:     It protects you from poison Will+: It increases your willpower.
 I - the +8 flail of Fear {heavy, rC+ Str+4}
   (You found it on level 2 of the Lair of Beasts)

   Str+4:     It affects your strength (+4).
   rC+:       It protects you from cold.
Missiles
 j - 27 stones
 k - 33 poisoned darts
 t - 13 boomerangs (quivered)
 w - 15 large rocks
 F - a curare-tipped dart
 K - 5 darts of dispersal
 Z - 6 throwing nets
Armour
 b - a +1 troll leather armour (worn)
 x - the +1 robe of Xetzaloce {Str+5 Stlth+}
   (You found it on level 3 of the Dungeon)

   Str+5:     It affects your strength (+5).
   Stlth+:    It makes you more stealthy.
 J - a +2 cloak of poison resistance (worn)
 M - an orb of wrath
Jewellery
 c - a ring of protection from cold
 g - a ring of resist corrosion
 m - a ring of wizardry
 n - a ring of positive energy
 o - a ring of poison resistance
 q - a +5 ring of evasion
 y - a +4 ring of slaying (right blade hand)
 E - the ring "Qizeumeq" (left blade hand) {rN+ Str+6 Stlth+}
   (You found it on level 6 of the Dungeon)

   [ring of strength]

   Str+6:     It affects your strength (+6).
   rN+:       It protects you from negative energy.
   Stlth+:    It makes you more stealthy.
 H - an amulet of the acrobat (around neck)
Talismans
 f - a blade talisman (active)
 L - a storm talisman
Wands
 D - a wand of digging (4)
 O - a wand of roots (12)
 P - a wand of paralysis (4)
 V - a wand of flame (18)
 W - a wand of polymorph (5)
 X - a wand of quicksilver (4)
Scrolls
 a - 2 scrolls of immolation
 h - a scroll of fog
 i - 3 scrolls of poison
 A - a scroll of noise
 B - 3 scrolls of summoning
 G - 3 scrolls of revelation
 R - 3 scrolls of fear
 S - a scroll of vulnerability
 T - 13 scrolls of teleportation
Potions
 d - 2 potions of brilliance {unknown}
 e - 4 potions of heal wounds
 l - 2 potions of invisibility
 p - a potion of magic
 u - 2 potions of lignification
 v - 5 potions of attraction
 z - 2 potions of cancellation
 C - 5 potions of mutation
 Q - 3 potions of curing
 U - a potion of resistance {unknown}
 Y - a potion of might
Miscellaneous
 s - a lightning rod (4/4)
 N - a sack of spiders


   Skills:
 + Level 11.4 Fighting
 + Level 4.4 Dodging
 + Level 15.3 Unarmed Combat
 + Level 4.2 Invocations
 + Level 3.4 Evocations
 * Level 13.7 Shapeshifting


You had 13 spell levels left.
You didn't know any spells.
Your spell library contained the following spells:

 Spells                   Type           Power      Damage    Failure   Level
 Sandblast                Erth           0%         2d4       54%         1
 Frozen Ramparts          Ice            0%         1d1       88%         3
 Passwall                 Erth           0%         N/A       88%         3
 Stone Arrow              Conj/Erth      0%         3d7       88%         3
 Animate Armour           Summ/Erth      0%         N/A       99%         4
 Brom's Barrelling Bould  Conj/Erth      0%         2d3       99%         4
 Leda's Liquefaction      Alch/Erth      0%         N/A       99%         4
 Petrify                  Alch/Erth      0%         N/A       99%         4
 Summon Lightning Spire   Summ/Air       0%         N/A       99%         4
 Vhi's Electric Charge    Tloc/Air       0%         N/A       99%         4
 Arcjolt                  Conj/Air       0%         1d10      100%        5
 Lee's Rapid Deconstruct  Erth           0%         3d4*      100%        5
 Metabolic Englaciation   Hex/Ice        0%         N/A       100%        5
 Plasma Beam              Fire/Air       0%         2x1d10    100%        6


Dungeon Overview and Level Annotations

Branches:
Dungeon (12/15)            Temple (0/1) D:5            Lair (5/5) D:11
  Swamp (0/4) Lair:2        Snake (0/4) Lair:3          Orc (1/2) D:10
  Slime: Lair:4-5

Altars:
Dithmenos
Elyvilon
Hepliaklqana
Kikubaaqudgha
Nemelex Xobeh
Okawaru
Qazlal
Ru
Uskayaw
Yredelemnul
Zin
The Shining One

Shops:
D:4 **(   D:7 =

Annotations:
D:5 2 transporters, Sobieck's ghost, novice DEHu
Lair:3 2 transporters, jackrogers's ghost, journeyman HOFi


Innate Abilities, Weirdness & Mutations

You have blades for hands.
You are incapable of wielding weapons or throwing items.
Your life essence is reduced to manifest your ancestor. (-10% HP)
You are too large for most types of armour.
((You have claws for hands.))
Your natural rate of healing is unusually fast.
You are covered in fur. (AC +1)
You have tough skin. (AC +1)
You are dopey. (Int -2)


Message History

Unknown command.
You swap places.
The dream sheep ruffles its wool and motes of dream dust sparkle, to no effect.
The hornet stings Khabaw!
Khabaw hits the hornet with a +0 dagger of draining.
Unknown command.
Unknown command.
Unknown command.
The hornet stings Khabaw.
Khabaw hits the hornet with a +0 dagger of draining!
The hornet dies!
Khabaw hits the dream sheep with a +0 dagger of draining.
Khabaw drains the dream sheep.
Unknown command.
The dream sheep ruffles its wool and motes of dream dust sparkle, to no effect.
Khabaw hits the dream sheep with a +0 dagger of draining.
Khabaw drains the dream sheep.
Khabaw hits the dream sheep but does no damage.
Unknown command.
The dream sheep headbutts Khabaw!
Khabaw is destroyed!
You hear a bleat!
Unknown command.
Unknown command.
The dream sheep bleats!
You slice the yak!!
The yak is almost dead.
You hear a bleat!
The yak gores you.
You hit the yak.
You kill the yak!
You shred the dream sheep!!!
You kill the dream sheep!
The lindwurm breathes flames at you. The blast of flame hits you!!
* * * LOW HITPOINT WARNING * * *
You hear a bleat!
Unknown command.
The dream sheep bleats!
The dream sheep shake their wool and sparkle.
You feel drowsy...
You fall asleep.
The lindwurm bites you!
You wake up.
* * * LOW HITPOINT WARNING * * *
The lindwurm completely misses you. The lindwurm claws you.
* * * LOW HITPOINT WARNING * * *
You see here a yak corpse.
You slice the lindwurm!!
The lindwurm is almost dead.
The dream sheep closely misses you. The lindwurm bites you!
You die...

........### ######..)####.#
#......## ### #.....#### P...#P##
####P## ##..### ###### ....###
###.....###..).####....# ...##
#..............#.#.....##
...P#####..................<.÷..#
..P..##P#..k.†.Y............÷÷.#.
######P..Y...##YkY###...#..#.....
P#####....y#####@## ##...#.##.#..
###.#.....## #.## #...####.##.
.##.......# ### ##...# #####
.###....### #...## # ..#.†.^##
#...# .§§...## ##### ....§##
.....# ....##


You could see a lindwurm (catching breath) and 3 dream sheep.

Vanquished Creatures
  4 hydras
  3 two-headed ogres
  6 death yaks (Lair:4)
  A skyshark (Lair:3)
  4 large abominations (D:10)
  An arcanist (D:9)
  Pikel (D:8)
  A cyclops (D:9)
  Maurice (D:8)
  An ugly thing (D:11)
  3 kobold blastminers (Orc:1)
  10 elephants
  3 black mambas
  2 torpor snails (Lair:5)
  9 cane toads
  6 komodo dragons
  A kobold demonologist (D:11)
  A rime drake (Lair:4)
  A polar bear (Lair:3)
  2 trolls
  13 blink frogs
  4 hornets
  A dream sheep (Lair:5)
  2 slime creatures (Lair:4)
  A shadow (D:11)
  3 wyverns
  43 yaks
  Grum (D:10)
  A steam dragon (D:7)
  A warg (D:11)
  2 basilisks
  3 nagas (Lair:3)
  13 water moccasins
  4 acid dragons
  2 orc warriors
  A sky beast (D:7)
  4 black bears
  7 small abominations (D:10)
  4 ice beasts
  8 ogres
  9 wolves
  A centaur (D:7)
  2 phantoms
  5 kobold brigands
  13 bullfrogs
  A gnoll sergeant (D:7)
  4 scorpions
  12 wights
  9 killer bees
  An electric eel (D:12)
  2 howler monkeys
  A crimson imp (D:9)
  2 bombardier beetles
  2 hounds
  2 jellies (D:6)
  7 orc priests
  A gnoll bouda (D:9)
  2 sleepcaps (D:4)
  4 iguanas (D:6)
  2 hell rats (Lair:1)
  10 orc wizards
  12 gnolls
  6 river rats (Lair:1)
  6 adders
  2 shadow imps
  4 white imps
  2 dart slugs
  A ribbon worm (D:3)
  31 orcs
  6 bats
  6 endoplasms
  A giant cockroach (D:1)
  6 hobgoblins
  2 jackals (D:2)
  12 kobolds
  2 ball pythons
  7 frilled lizards
  7 goblins
  6 rats
390 creatures vanquished.

Vanquished Creatures (collateral kills)
  An arcanist (D:10)
  2 elephants (Lair:4)
  A large abomination (D:10)
  A troll (D:11)
  A hornet (Lair:5)
  3 blink frogs
  3 dream sheep (Lair:5)
  A wyvern (Lair:5)
  A yak (Lair:3)
  A basilisk (Lair:4)
  2 orc warriors
  A sky beast (D:6)
  A black bear (Lair:1)
  An ogre (Orc:1)
  4 wolves
  A bullfrog (D:9)
  A wight (D:8)
  A bombardier beetle (D:5)
  A jelly (Lair:5)
  An orc priest (D:9)
  An orc wizard (D:9)
  4 gnolls
  A shadow imp (D:8)
  8 orcs
43 creatures vanquished.

Vanquished Creatures (others)
  9 hexers
9 creatures vanquished.

Grand Total: 442 creatures vanquished

Notes
Turn   | Place    | Note
-------+----------+-------------------------------------------
     0 | D:1      | Sobieck the Troll Shapeshifter began the quest for the Orb.
     0 | D:1      | Reached XP level 1. HP: 18/18 MP: 0/0
    40 | D:1      | Reached skill level 1 in Fighting
    54 | D:1      | Reached XP level 2. HP: 27/27 MP: 1/1
   653 | D:2      | Reached XP level 3. HP: 33/33 MP: 2/2
  1320 | D:3      | Reached skill level 4 in Unarmed Combat
  1320 | D:3      | Reached XP level 4. HP: 31/42 MP: 3/3
  1559 | D:3      | Identified the +1 robe of Xetzaloce {Str+5 Stlth+}
  1821 | D:4      | Noticed a +0 dagger
  1822 | D:4      | Noticed a +0 spear
  1825 | D:4      | Noticed a +0 short sword
  1825 | D:4      | Noticed a +0 dagger
  1825 | D:4      | Noticed a +0 falchion
  1825 | D:4      | Noticed a +0 spear
  1825 | D:4      | Noticed a +0 short sword
  1826 | D:4      | Noticed a +0 falchion
  1845 | D:4      | Noticed a phantom
  1850 | D:4      | Found Pennall's General Store.
  1854 | D:4      | Killed a phantom
  1855 | D:4      | Reached XP level 5. HP: 49/49 MP: 4/4
  1861 | D:4      | Bought a potion of curing for 39 gold pieces
  1861 | D:4      | Bought a scroll of noise for 13 gold pieces
  1861 | D:4      | Bought a scroll of identify for 26 gold pieces
  1861 | D:4      | Bought a scroll of teleportation for 39 gold pieces
  1908 | D:4      | Identified a scroll of acquirement
  1908 | D:4      | Acquired a manual of Unarmed Combat
  1971 | D:4      | Found an ancient bone altar of Kikubaaqudgha.
  1991 | D:4      | Reached skill level 5 in Unarmed Combat
  1992 | D:4      | Found an iron altar of Okawaru.
  2020 | D:4      | Found a hazy altar of Hepliaklqana.
  2044 | D:4      | Became a worshipper of Hepliaklqana the Forgotten
  2046 | D:4      | Found Uzune's Antique Weapon Shoppe.
  2103 | D:4      | Reached XP level 6. HP: 59/59 MP: 5/5
  2199 | D:4      | Found a glowing golden altar of the Shining One.
  2205 | D:4      | Found a basalt altar of Yredelemnul.
  2207 | D:4      | Noticed a profane servitor
  2421 | D:4      | Found Situnn Movell's Assorted Antiques.
  2425 | D:4      | Bought a scroll labelled DIVUIR RASTA for 29 gold pieces
  2464 | D:4      | Found a hide-covered altar of Uskayaw.
  2480 | D:4      | Reached skill level 6 in Unarmed Combat
  2616 | D:4      | Noticed an angel
  2644 | D:5      | Entered Level 5 of the Dungeon
  2644 | D:5      | Found a staircase to the Ecumenical Temple.
  2664 | D:5      | Found a transporter.
  2722 | D:5      | Noticed Sobieck's ghost (novice DEHu)
  2725 | D:5      | Found a transporter.
  2788 | D:5      | Reached * piety under Hepliaklqana
  2909 | D:5      | Found a glowing silver altar of Zin.
  2909 | D:5      | Noticed an angel
  3059 | D:5      | Reached skill level 3 in Fighting
  3059 | D:5      | Reached skill level 7 in Unarmed Combat
  3059 | D:5      | Reached XP level 7. HP: 52/60 MP: 6/6
  3142 | D:6      | Found a sparkling altar of Nemelex Xobeh.
  3275 | D:5      | Reached skill level 8 in Unarmed Combat
  3398 | D:6      | Reached skill level 9 in Unarmed Combat
  3425 | D:6      | Reached XP level 8. HP: 65/70 MP: 7/7
  3527 | D:6      | Reached skill level 10 in Unarmed Combat
  3569 | D:6      | Reached skill level 6 in Shapeshifting
  3753 | D:6      | Reached ** piety under Hepliaklqana
  3754 | D:6      | Remembered your ancestor Khabaw as a hexer
  3850 | D:6      | Identified the ring "Qizeumeq" {rN+ Str+6 Stlth+}
  3909 | D:7      | Reached XP level 9. HP: 79/79 MP: 8/8
  4221 | D:7      | Reached skill level 6 in Fighting
  4250 | D:7      | Found a white marble altar of Elyvilon.
  4253 | D:7      | Found a shadowy altar of Dithmenos.
  4256 | D:7      | Found a stormy altar of Qazlal.
  4351 | D:7      | Found Pihac Lano's Jewellery Shoppe.
  4931 | D:8      | Noticed Maurice
  5001 | D:8      | Killed Maurice
  5002 | D:8      | Reached skill level 11 in Unarmed Combat
  5141 | D:8      | Identified the +9 dagger of Bauckoug {heavy, rC- Str+3
                  | Int+2}
  5207 | D:8      | Reached *** piety under Hepliaklqana
  5415 | D:9      | Noticed Pikel
  5423 | D:8      | Killed Pikel
  5424 | D:8      | Reached skill level 12 in Unarmed Combat
  5424 | D:8      | Reached XP level 10. HP: 81/91 MP: 9/9
  5600 | D:9      | Noticed a two-headed ogre
  5745 | D:9      | Noticed an arcanist
  5761 | D:9      | Killed an arcanist
  5817 | D:9      | Reached skill level 13 in Unarmed Combat
  5841 | D:9      | Noticed a cyclops
  5851 | D:9      | Killed a cyclops
  5852 | D:9      | Reached skill level 9 in Shapeshifting
  5958 | D:9      | Noticed a two-headed ogre
  5967 | D:9      | Killed a two-headed ogre
  6105 | D:9      | Killed a two-headed ogre
  6158 | D:10     | Entered Level 10 of the Dungeon
  6177 | D:10     | Noticed Grum
  6188 | D:10     | Killed Grum
  6189 | D:10     | Reached XP level 11. HP: 68/98 MP: 10/10
  6400 | D:10     | Found a staircase to the Orcish Mines.
  6520 | Orc:1    | Entered Level 1 of the Orcish Mines
  6530 | Orc:1    | Reached skill level 14 in Unarmed Combat
  6810 | D:7      | Bought a maw talisman for 300 gold pieces
  6926 | D:10     | Noticed a two-headed ogre
  6937 | D:10     | Killed a two-headed ogre
  6938 | D:10     | Reached skill level 9 in Fighting
  7094 | D:10     | Noticed an arcanist
  7099 | D:10     | Killed an arcanist
  7103 | D:10     | Noticed a large abomination
  7105 | D:10     | Killed a large abomination
  7106 | D:10     | Noticed a large abomination
  7139 | D:10     | Killed a large abomination
  7575 | D:11     | Reached **** piety under Hepliaklqana
  7852 | D:11     | Noticed a green ugly thing
  7853 | D:11     | Found a staircase to the Lair.
  7858 | D:11     | Killed a green ugly thing
  7859 | D:11     | Reached XP level 12. HP: 111/113 MP: 11/11
  8076 | D:11     | Gained mutation: You are dopey. (Int -2) [a neqoxec]
  8423 | D:12     | Noticed a boulder beetle
  8484 | Lair:1   | Entered Level 1 of the Lair of Beasts
  8927 | Lair:1   | Identified the +2 quarterstaff of Somewhere Else
                  | {antimagic, rPois rF- Will+}
  8932 | Lair:1   | You fall into a shaft and drop 1 floor!
  9039 | Lair:2   | Reached skill level 12 in Shapeshifting
  9465 | Lair:1   | Reached skill level 1 in Invocations
  9998 | Lair:2   | Noticed a six-headed hydra
 10111 | Lair:2   | Identified the +8 flail of Fear {heavy, rC+ Str+4}
 10164 | Lair:2   | Killed a six-headed hydra
 10165 | Lair:2   | Reached skill level 1 in Evocations
 10326 | Lair:2   | Found a staircase to the Swamp.
 10566 | Lair:2   | Reached ***** piety under Hepliaklqana
 10721 | Lair:3   | Noticed a catoblepas
 10723 | Lair:3   | Reached XP level 13. HP: 119/122 MP: 13/13
 10723 | Lair:3   | Noticed jackrogers's ghost (journeyman HOFi)
 10769 | Lair:3   | Found a transporter.
 10775 | Lair:3   | Found a transporter.
 11101 | Lair:3   | Reached skill level 3 in Dodging
 11136 | Lair:3   | Found a sacrificial altar of Ru.
 11390 | Lair:3   | Found a staircase to the Snake Pit.
 11392 | Lair:3   | Reached skill level 15 in Unarmed Combat
 11827 | Lair:4   | Reached skill level 3 in Invocations
 11979 | Lair:4   | Reached skill level 3 in Evocations
 12681 | Lair:5   | Entered Level 5 of the Lair of Beasts
 12847 | Lair:5   | Reached XP level 14. HP: 131/131 MP: 16/16
 13214 | Lair:5   | Slain by a lindwurm

Illustrated notes

Levels and vault maps discovered:
D:1:      scummos_arrival_hexagon, layout_basic, hex_tiny
D:2:      layout_basic, minmay_pentomino_s2
D:3:      layout_basic, minmay_misc_feat_plants
D:4:      layout_cave_pools, grunt_temple_overflow_holy_war,
          mainiacjoe_overflow_paths, nicolae_uskayaw_en_pointe,
          mainiacjoe_overflow_large_starburst, serial_shops, nicolae_shop_trees,
          nicolae_shop_behind_doors, nicolae_inconvenience_store,
          minmay_misc_feat_diagonals, nicolae_figureground_sparkle
D:5:      layout_rooms, zin_angel, minmay_temple_entry_mist,
          gammafunk_ghost_arena, minmay_door_square, minivault_24
D:6:      minmay_octagon_keep, layout_cave_pools, mainiacjoe_overflow_alcove_1,
          minmay_pentangle
D:7:      layout_loops_ring, grunt_temple_overflow_diamond, serial_shops,
          nicolae_shop_back_alley_shop, nicolae_tricolors
D:8:      layout_rooms, grunt_ministairs_7, uniq_maurice
D:9:      layout_rooms, hangedman_decor_riveting, lightli_wizard_tower,
          uniq_pikel
D:10:     layout_roguey, kennysheep_orc_monster_closet_entryway, laboratory,
          uniq_grum
D:11:     layout_irregular_city, erik_lair_orcish_takeover
D:12:     layout_basic
Lair:1:   layout_long_grid, kennysheep_rathole
Lair:2:   layout_misc_corridors, swamp_mist
Lair:3:   layout_roguey, nicolae_snake_entry_squirm, basic_altar,
          gammafunk_ghost_arena, lemuel_fruit_tree
Lair:4:   layout_regular_city, infiniplex_staircase_pool
Lair:5:   hangedman_lair_in_review, layout_concentric_octagons, wormcave,
          minmay_slime_entry_pillars
Orc:1:    layout_diamond_mine, nicolae_specific_store

Skill      XL: |  1  2  3  4  5  6  7  8  9 10 11 12 13 |
---------------+----------------------------------------+-----
Fighting       | 1 2 3 5 7 10 11 | 11.4
Unarmed Combat | 4 5 7 9 10 12 13 14 15 | 15.3
Shapeshifting  | 4 5 6 8 10 11 12 13 | 13.7
Invocations    | 1 4 |  4.2
Dodging        | 2 4 |  4.4
Evocations     | 1 3 |  3.4

Action                     |  1- 3 |  4- 6 |  7- 9 | 10-12 | 13-15 || total
---------------------------+-------+-------+-------+-------+-------++-------
  Melee: Unarmed           |    78 |    50 |   149 |   371 |   198 ||   846
         Punch             |       |       |     3 |    14 |    16 ||    33
         Maw               |       |       |       |    27 |       ||    27
   Fire: Sling             |    10 |    53 |     4 |       |       ||    67
 Invoke: Ancestor Life: He |       |       |     1 |       |       ||     1
         Ancestor Identity |       |       |     1 |       |       ||     1
         Recall Ancestor   |       |       |     1 |     5 |       ||     6
  Evoke: Wand              |       |       |       |    10 |       ||    10
    Use: Scroll            |       |    11 |     4 |     6 |     6 ||    27
         Potion            |       |       |     1 |     1 |     1 ||     3
   Stab: Sleeping          |     1 |     2 |     3 |     3 |       ||     9
         Confused          |       |       |     2 |     9 |     2 ||    13
         Distracted        |       |       |     1 |     4 |     2 ||     7
 Armour: Animal skin       |    34 |    10 |       |       |       ||    44
         Robe              |       |    15 |    36 |       |       ||    51
         Skin              |       |       |    58 |    94 |       ||   152
         Troll leather arm |       |       |       |   101 |   122 ||   223
  Dodge: Dodged            |    44 |    29 |   126 |   219 |    99 ||   517
   Form: Beast             |       |       |     1 |       |       ||     1
         Flux              |       |       |     1 |       |       ||     1
         Maw               |       |       |       |     2 |       ||     2
                           |       |       |       |     1 |       ||     1
         Blade             |       |       |       |     1 |       ||     1
